 Dungeon Crawl Stone Soup version 0.22.0-38-g04b72b8c25 (webtiles) character file.

25 Riddle the Covered (level 3, 28/31 HPs)
             Began as a Gnoll Wanderer on Aug 30, 2018.
             Quit the game on level 1 of the Dungeon.
             The game lasted 00:03:05 (468 turns).

Riddle the Covered (Gnoll Wanderer)                  Turns: 468, Time: 00:03:06

Health: 28/31      AC:  6    Str: 14    XL:     3   Next: 4%
Magic:  3/3        EV: 10    Int: 14    God:
Gold:   9          SH:  4    Dex: 15    Spells: 3/3 levels left

rFire    . . .     SeeInvis .   k - +0 short sword
rCold    . . .     Gourm    .   d - +0 buckler
rNeg     . . .     Faith    .   c - +0 ring mail
rPois    .         Spirit   .   (no helmet)
rElec    .         Reflect  .   (no cloak)
rCorr    .         Harm     .   (no gloves)
MR       .....                  (no boots)
Stlth    +.........             (no amulet)
HPRegen  0.10/turn              (no ring)
MPRegen  0.08/turn              (no ring)

@: no status effects
A: distributed training, fangs 1, strong nose
a: no special abilities


You were on level 1 of the Dungeon.
You were not hungry.

You visited 1 branch of the dungeon, and saw 1 of its levels.

You collected 9 gold pieces.

Inventory:

Hand Weapons
 b - a +2 blowgun
 k - a +0 short sword (weapon)
Missiles
 a - 4 curare-tipped needles
Armour
 c - a +0 ring mail (worn)
 d - a +0 buckler (worn)
Scrolls
 e - a scroll of enchant armour {unknown}
 j - a scroll of random uselessness {unknown}
Potions
 g - a potion of magic {unknown}
 i - a potion of curing {unknown}
Comestibles
 f - a ration
 h - 5 chunks of flesh


   Skills:
 + Level 4.5 Fighting
 + Level 0.5 Short Blades
 + Level 0.5 Long Blades
 + Level 4.5 Axes
 + Level 0.5 Maces & Flails
 + Level 0.5 Polearms
 + Level 2.5 Staves
 + Level 0.5 Slings
 + Level 0.5 Bows
 + Level 0.5 Crossbows
 + Level 2.5 Throwing
 + Level 6.5 Armour
 + Level 0.5 Dodging
 + Level 0.5 Stealth
 + Level 2.5 Shields
 + Level 0.5 Unarmed Combat
 + Level 0.5 Spellcasting
 + Level 0.4 Conjurations
 + Level 0.4 Hexes
 + Level 0.4 Charms
 + Level 0.4 Summonings
 + Level 0.4 Necromancy
 + Level 0.4 Translocations
 + Level 0.4 Transmutations
 + Level 0.4 Fire Magic
 + Level 0.4 Ice Magic
 + Level 0.4 Air Magic
 + Level 0.4 Earth Magic
 + Level 0.4 Poison Magic
 + Level 0.7 Invocations
 + Level 0.5 Evocations


You had 3 spell levels left.
You didn't know any spells.
Your spell library was empty.

Dungeon Overview and Level Annotations

Branches:
Dungeon (1/15)

Altars:


Innate Abilities, Weirdness & Mutations

Your experience applies equally to all skills.
You have very sharp teeth.
Your uncanny sense of smell can sniff out nearby items.


Message History

You hit the goblin but do no damage. Your bite misses the goblin.
The goblin closely misses you.
You hit the goblin but do no damage. The goblin closely misses you.
You barely miss the goblin. You block the goblin's attack.
You hit the goblin.
The goblin is moderately wounded.
The goblin misses you.
You hit the goblin. Your bite misses the goblin.
The goblin is severely wounded.
You block the goblin's attack.
You hit the goblin. You bite the goblin, but do no damage.
The goblin is almost dead.
The goblin barely misses you.
You closely miss the goblin.
The goblin is almost dead.
The goblin completely misses you.
You hit the goblin.
You kill the goblin!
You see here a club.
Are you sure you want to abandon this character and quit the game? (Confirm with "yes".)

#.# #.# #.#
#.# #.# #.#
#.# ###
#.###...#
######
#..@..#
##....#.##
#######
.)........
##..###..# #
##...........
...#####..#.#
.......(....#
............#
............#


There were no monsters in sight!

Vanquished Creatures
  A dart slug (D:1)
  A leopard gecko (D:1)
  2 bats (D:1)
  3 goblins (D:1)
  2 hobgoblins (D:1)
  3 jackals (D:1)
  2 frilled lizards (D:1)
  4 kobolds (D:1)
  2 rats (D:1)
20 creatures vanquished.

Notes
Turn   | Place    | Note
-------+----------+-------------------------------------------
     0 | D:1      | Riddle the Gnoll Wanderer began the quest for the Orb.
     0 | D:1      | Riddle set off with: 4 curare-tipped needles, a +2 blowgun, a +0 ring mail, a +0 buckler, a ration
     0 | D:1      | Reached XP level 1. HP: 20/20 MP: 1/1
   150 | D:1      | Reached XP level 2. HP: 20/26 MP: 2/2
   401 | D:1      | Reached XP level 3. HP: 28/31 MP: 3/3
   468 | D:1      | Quit the game

Action                   || total
-------------------------++-------
Melee: Unarmed           ||    46
       Bite              ||     8
       Short sword       ||    44
Armor: Ring mail         ||    32
Dodge: Dodged            ||    50
Block: Buckler           ||    14
